 Seeded DCSS version 0.30-a0-760-g5a9884bb7c (webtiles) character file.

Game seed: 20230212 (custom seed)

366 Orangeyouglad the Sneak (level 6, -14/28 HPs)
             Began as a Vine Stalker Enchanter on Feb 12, 2023.
             Demolished by Menkaure (18 damage)
             ... on level 5 of the Dungeon.
             The game lasted 00:14:46 (4527 turns).

Orangeyouglad the Sneak (Vine Stalker Enchanter)    Turns: 4527, Time: 00:14:47

Health: -14/28     AC:  6    Str: 11    XL:     6   Next: 68%
Magic:  0/12       EV: 12    Int: 17    God:
Gold:   118        SH:  0    Dex: 14    Spells: 3/12 levels left

rFire   . . .      SeeInvis .    a - +1 dagger
rCold   . . .      Faith    .    (no shield)
rNeg    . . .      Spirit   +    o - +0 leather armour of the Lobster {Stlth+}
rPois   .          Reflect  .    (no helmet)
rElec   .          Harm     .    (no cloak)
rCorr   .          Rampage  .    p - +2 pair of gloves
Will    .....                    (no boots)
Stlth   ++++                     (no amulet)
HPRegen 1.04/turn                (no ring)
MPRegen 0.13/turn                (no ring)

@: confusing by touch, invisible (expiring)
A: fangs 2, regeneration 1, magic shield, antimagic bite, no potion heal 2
a: no special abilities


You were on level 5 of the Dungeon.
You visited 1 branch of the dungeon, and saw 5 of its levels.

You collected 138 gold pieces.
You spent 20 gold pieces at shops.

Inventory:

Hand Weapons
 a - a +1 dagger (weapon)
Armour
 b - a +0 robe
 o - the +0 leather armour of the Lobster (worn) {Stlth+}
   (You found it on level 4 of the Dungeon)

   Stlth:     It makes you more stealthy.
 p - a +2 pair of gloves (worn)
Jewellery
 k - an amulet of regeneration
Scrolls
 e - a scroll of enchant armour
 f - a scroll of magic mapping
 g - a scroll of fog
 h - a scroll of immolation
 i - a scroll of blinking
 m - a scroll of identify
 n - 2 scrolls of noise {unknown}
 q - a scroll of enchant weapon {unknown}
 r - a scroll of acquirement {unknown}
Potions
 d - a potion of heal wounds


   Skills:
 + Level 2.6 Short Blades
 + Level 2.8 Dodging
 + Level 5.3 Stealth
 + Level 3.5 Spellcasting
 + Level 4.2 Hexes


You had 3 spell levels left.
You knew the following spells:

 Your Spells              Type           Power      Damage    Failure   Level
a - Confusing Touch       Hex            17%        N/A       12%         3
b - Tukima's Dance        Hex            17%        N/A       12%         3
c - Dazzling Flash        Conj/Hex       20%        N/A       26%         3

Your spell library contained the following spells:

 Spells                   Type           Power      Damage    Failure   Level
 Ensorcelled Hibernation  Hex/Ice        20%        N/A       14%         2
 Lesser Beckoning         Tloc           6%         N/A       32%         2
 Gell's Gravitas          Tloc           3%         N/A       54%         3
 Teleport Other           Tloc           3%         N/A       54%         3


Dungeon Overview and Level Annotations

Branches:
Dungeon (5/15)
 Temple: D:4-7

Altars:
Elyvilon
Xom
Zin
The Shining One

Shops:
D:2 ?   D:3 (

Annotations:
D:5 Menkaure


Innate Abilities, Weirdness & Mutations

You have extremely sharp teeth.
Your natural rate of healing is unusually fast.
When hurt, damage is shared between your health and your magic reserves.
Your bite disrupts and absorbs the magic of your enemies.
Potions cannot restore your health.


Message History

Magic courses through your body.
You hear the rusting of a distant drain.
Found an escape hatch in the floor.
Menkaure rustles, "From dust you came, to dust you will return."
Found a scroll of identify.
Found 13 gold pieces and a dagger.
You aren't carrying any items that you can evoke.
Unknown command.
Okay, then.
As you read the scroll of fog, it crumbles to dust.
The scroll dissolves into smoke.
Found a mace and a scroll of identify.
You flicker for a moment.
Menkaure mumbles, "It doesn't hurt if you pull your brain out of your nose yourself."
Menkaure gestures at you while chanting.
Pain shoots through your body!
Casting: Confusing Touch (quite dangerous; 12% risk of failure)
Confirm with . or Enter, or press ? or * to list all spells.
The spell is quite dangerous to miscast (12% risk of failure)!
Continue anyway?
Aiming: Tukima's Dance (quite dangerous; 12% risk of failure)
Press: ? - help, Shift-Dir - straight line, f - Menkaure
Aim: Menkaure (blue smoke, fast, not susceptible)
Okay, then.
Unknown command.
Casting: Tukima's Dance (quite dangerous; 12% risk of failure)
Confirm with . or Enter, or press ? or * to list all spells.
Okay, then.
Okay, then.
Casting: Tukima's Dance (quite dangerous; 12% risk of failure)
Confirm with . or Enter, or press ? or * to list all spells.
The spell is quite dangerous to miscast (12% risk of failure)!
Continue anyway?
Your hands begin to glow red.
Menkaure murmurs, "Let me perform the rites..."
Menkaure closely misses you.
You hit Menkaure but do no damage. Menkaure hits you!!
Ouch! That really hurt!
* * * LOW HITPOINT WARNING * * *
Menkaure hits you!!
Ouch! That really hurt!
You die...

,,,,,,**,**********,*
****,***,* ########,* *,,,,,*
#......#.# ***,*####......#.#
*,,,..........#?#####
*,,,................#
*,,,................#
*,,,................#
*,,,........@..§§§..#
**,*#######.M§..§...# ###
*,*,,,,,,#.§§§§§..)* #..
*,*,,,..?#§§§§§§######***#..
**,,,,....§§§§§§§...>..,,,#..
*,,,,,..$..####§§......,,,#..
*,,,,......* #.#######***#..
*,,,,......* #.# *****#####
*,,,,.)....* #.# *,,,,.....


You could see Menkaure (fast).

Vanquished Creatures
  An ogre (D:5)
  A scorpion (D:5)
  A jelly (D:4)
  Terence (D:3)
  8 adders
  7 worms
  A dart slug (D:2)
  7 orcs
  2 ball pythons
  4 endoplasms
  3 giant cockroaches
  10 goblins
  9 hobgoblins
  4 quokkas
  5 bats
  5 frilled lizards
  6 kobolds
  11 rats
86 creatures vanquished.

Vanquished Creatures (others)
  A dancing weapon (D:3)
  10 plants (D:4)
11 creatures vanquished.

Grand Total: 97 creatures vanquished

Notes
Turn   | Place    | Note
-------+----------+-------------------------------------------
     0 | D:1      | Orangeyouglad the Vine Stalker Enchanter began the quest
                  | for the Orb.
     0 | D:1      | Reached XP level 1. HP: 9/9 MP: 4/4
    68 | D:1      | Reached skill level 1 in Short Blades
   220 | D:1      | Reached XP level 2. HP: 12/13 MP: 4/6
   532 | D:1      | Reached skill level 4 in Stealth
   532 | D:1      | Reached XP level 3. HP: 16/16 MP: 7/7
   536 | D:1      | Learned a level 3 spell: Confusing Touch
  1214 | D:2      | Gained mutation: Your natural rate of healing is unusually
                  | fast. [Vine Stalker growth]
  1214 | D:2      | Reached XP level 4. HP: 21/21 MP: 5/9
  1480 | D:2      | Found Qicasoulohe's Magic Scroll Shoppe.
  1485 | D:2      | Bought a scroll of identify for 20 gold pieces
  1905 | D:2      | Found a faded altar of an unknown god.
  2170 | D:3      | Found a glowing golden altar of the Shining One.
  2170 | D:3      | Found a white marble altar of Elyvilon.
  2171 | D:3      | Found a glowing silver altar of Zin.
  2260 | D:3      | Noticed Terence
  2268 | D:3      | Learned a level 3 spell: Tukima's Dance
  2422 | D:3      | Reached XP level 5. HP: 24/24 MP: 7/10
  2723 | D:3      | Killed Terence
  2993 | D:3      | Found Onkam's Weapon Boutique.
  3345 | D:4      | Identified the +0 leather armour of the Lobster {Stlth+}
  3947 | D:4      | HP: 1/24 [poisoned by an orc]
  4128 | D:4      | Learned a level 3 spell: Dazzling Flash
  4246 | D:4      | Noticed an ogre
  4256 | D:5      | Entered Level 5 of the Dungeon
  4304 | D:5      | Reached skill level 5 in Stealth
  4304 | D:5      | Reached XP level 6. HP: 26/28 MP: 9/12
  4322 | D:5      | Found a shimmering altar of Xom.
  4381 | D:5      | Noticed Menkaure
  4527 | D:5      | Demolished by Menkaure

Illustrated notes

Levels and vault maps discovered:
D:1:      amcnicky_arrival_feature_with_door, layout_basic,
          kennysheep_decorative_pillar
D:2:      layout_loops_corners, hellmonk_ecumenical_altar_inner_sanctum,
          serial_shops, nicolae_shop_stone, minivault_19, minmay_tetromino_o2
D:3:      layout_loops_corners, good_gods_mini_temple, serial_shops, shop,
          uniq_terence
D:4:      layout_layer_cave, nicolae_gozag_seed_capital, serial_bayou_ford_a,
          uniq_crazy_yiuf_cottage
D:5:      layout_basic, kennysheep_little_box, portal_sewer_entry_e,
          gammafunk_ghost_stat_death, nicolae_wormholes, uniq_menkaure,
          uniq_grinder

Skill      XL: |  1  2  3  4  5 |
---------------+----------------+-----
Short Blades   | 1 2 |  2.6
Stealth        | 4 5 |  5.3
Dodging        | 2 |  2.8
Spellcasting   | 3 |  3.5
Hexes          | 4 |  4.2

Action                     |  1- 3 |  4- 6 || total
---------------------------+-------+-------++-------
  Melee: Dagger            |   117 |   185 ||   302
         Bite              |    24 |    58 ||    82
         Punch             |     1 |     2 ||     3
   Cast: Confusing Touch   |     4 |    17 ||    21
         Tukima's Dance    |       |     3 ||     3
    Use: Scroll            |       |    12 ||    12
         Potion            |       |     3 ||     3
   Stab: Sleeping          |    10 |    12 ||    22
         Confused          |     2 |    10 ||    12
 Armour: Robe              |    32 |     9 ||    41
         Leather armour    |       |     8 ||     8
  Dodge: Dodged            |    90 |   104 ||   194

Table legend: (Time is in decaauts)
 A = Elapsed time spent in this place.
 B = Non-inter-level travel time spent in this place.
 C = Inter-level travel time spent in this place.
 D = Time resting spent in this place.
 E = Time spent auto-exploring this place.
 F = Levels seen in this place.
 G = Mean time per level.
                   A        B        C        D        E       F      G
               +--------+--------+--------+--------+--------+-----+--------+
         Total |   4517 |   4388 |    129 |    222 |   2652 |   5 |  903.4 |
       Dungeon |   4517 |   4388 |    129 |    222 |   2652 |   5 |  903.4 |
               +--------+--------+--------+--------+--------+-----+--------+

Top non-repeatable levels by time:
     D:2: 1112 daAuts
     D:3: 1068 daAuts
     D:4: 1061 daAuts
     D:1: 1007 daAuts
     D:5: 266 daAuts
